 Dungeon Crawl Stone Soup version 0.29-a0-284-gf9362112df (webtiles) character file.

Game seed: 2264017850678652514

200 bande the Covered (level 5, -4/33 HPs)
             Began as a Gargoyle Fighter on Mar 24, 2022.
             Was an Initiate of Okawaru.
             Slain by a steam dragon (5 damage)
             ... on level 4 of the Dungeon.
             The game lasted 00:04:01 (3558 turns).

bande the Covered (Gargoyle Fighter)                Turns: 3558, Time: 00:04:01

Health: -4/33      AC: 17    Str: 20    XL:     5   Next: 78%
Magic:  6/6        EV:  5    Int:  8    God:    Okawaru [......]
Gold:   166        SH:  5    Dex: 11    Spells: 4/4 levels left

rFire   . . .      SeeInvis .   a - +0 war axe
rCold   . . .      Faith    .   c - +1 buckler
rNeg    + . .      Spirit   .   h - +0 plate armour
rPois   ∞          Reflect  .   b - +0 helmet
rElec   +          Harm     .   (no cloak)
rCorr   .          Rampage  .   (no gloves)
Will    .....                   (no boots)
Stlth   ..........              (no amulet)
HPRegen 0.11/turn               (no ring)
MPRegen 0.10/turn               (no ring)

@: no status effects
A: sickness immunity, AC +4, negative energy resistance 1, electricity
resistance, torment resistance 1, petrification resistance
a: Renounce Religion


You were on level 4 of the Dungeon.
You worshipped Okawaru.
Okawaru was noncommittal.
You visited 1 branch of the dungeon, and saw 4 of its levels.

You collected 166 gold pieces.

Inventory:

Hand Weapons
 a - a +0 war axe (weapon)
Armour
 b - a +0 helmet (worn)
 c - a +1 buckler (worn)
 h - a +0 plate armour (worn)
Wands
 m - a wand of flame (20)
Scrolls
 e - a scroll of magic mapping
 k - 2 scrolls of holy word
 l - 2 scrolls of fear {unknown}
Potions
 d - a potion of might
 f - a potion of berserk rage
 i - a potion of brilliance {unknown}
 j - a potion of attraction {unknown}


   Skills:
 + Level 4.1 Fighting
 + Level 3.4 Axes
 + Level 4.4 Armour
 + Level 3.7 Shields
 * Level 1.6 Invocations


You had 4 spell levels left.
You didn't know any spells.
Your spell library contained the following spells:

 Spells                   Type           Power      Damage    Failure   Level
 Magic Dart               Conj           0%         1d3       100%        1
 Blink                    Tloc           0%         N/A       100%        2
 Searing Ray              Conj           0%         2d4       100%        2
 Lesser Beckoning         Tloc           0%         N/A       100%        3
 Stone Arrow              Conj/Erth      0%         3d7       100%        3
 Fulminant Prism          Conj/Hex       0%         3d6       100%        4
 Ice Form                 Ice/Tmut       0%         N/A       100%        4
 Manifold Assault         Tloc           0%         N/A       100%        5
 Metabolic Englaciation   Hex/Ice        0%         N/A       100%        5
 Summon Small Mammal      Summ           Unusable   N/A       N/A         1
 Call Canine Familiar     Summ           Unusable   N/A       N/A         3
 Summon Guardian Golem    Hex/Summ       Unusable   N/A       N/A         3
 Statue Form              Tmut/Erth      Unusable   N/A       N/A         6

Dungeon Overview and Level Annotations

Branches:
Dungeon (4/15)
 Temple: D:4-7

Altars:
Okawaru


Innate Abilities, Weirdness & Mutations

You are immune to sickness and miasma.
Your stone body is resilient. (AC +4)
You are immune to poison.
You resist negative energy. (rN+)
You are resistant to electric shocks. (rElec)
You are resistant to unholy torment.
You are immune to petrification.


Message History

No target in view!
No target in view!
No target in view!
No target in view!
You are engulfed in a cloud of scalding steam.
An iguana comes into view.
You slash the steam dragon!
The steam dragon is heavily wounded.
The steam dragon barely misses you.
The steam dragon claws you but does no damage.
Found 10 gold pieces.
The iguana hisses angrily.
You hit the steam dragon but do no damage.
The steam dragon is heavily wounded.
The steam dragon bites you but does no damage.
The steam dragon barely misses you.
You barely miss the steam dragon.
The steam dragon is heavily wounded.
The iguana hisses menacingly.
The steam dragon breathes steam at you. The ball of steam hits you!
You block the steam dragon's attack. The steam dragon claws you.
* * * LOW HITPOINT WARNING * * *
You hit the steam dragon.
The steam dragon is severely wounded.
You are engulfed in a cloud of scalding steam.
The steam dragon bites you but does no damage.
You block the steam dragon's attack.
You barely miss the steam dragon.
The steam dragon is severely wounded.
You slash the iguana!
You are engulfed in a cloud of scalding steam.
You block the iguana's attack.
The steam dragon bites you but does no damage.
The steam dragon claws you but does no damage.
It was a potion of cancellation.
You feel magically purged. The iguana bites you.
* * * LOW HITPOINT WARNING * * *
The steam dragon bites you.
You die...

#..............#
#..............+
#..............#
#......###+#####
#......#
#§.....+
#§§....#
#......#
#@l....#
#D.....#
#......#
.........
..)......
..........
..........
$..........


You could see a steam dragon and an iguana.

Vanquished Creatures
  Jessica (D:2)
  Ijyb (D:3)
  An orc wizard (D:3)
  Robin (D:3)
  3 adders
  2 worms (D:2)
  4 dart slugs
  3 orcs (D:3)
  4 ball pythons
  2 bats
  6 endoplasms
  A giant cockroach (D:2)
  12 goblins
  A hobgoblin (D:1)
  7 jackals
  7 quokkas
  2 frilled lizards
  5 kobolds (D:1)
  3 rats (D:2)
66 creatures vanquished.

Vanquished Creatures (others)
  A hobgoblin (D:3)
1 creature vanquished.

Grand Total: 67 creatures vanquished

Notes
Turn   | Place    | Note
-------+----------+-------------------------------------------
     0 | D:1      | bande the Gargoyle Fighter began the quest for the Orb.
     0 | D:1      | Reached XP level 1. HP: 14/14 MP: 1/1
   279 | D:1      | Reached XP level 2. HP: 19/19 MP: 2/2
   787 | D:1      | Found a faded altar of an unknown god.
   998 | D:2      | Reached XP level 3. HP: 23/23 MP: 3/3
  1170 | D:2      | Found an iron altar of Okawaru.
  1197 | D:2      | Became a worshipper of Warmaster Okawaru
  1520 | D:2      | Noticed Jessica
  1522 | D:2      | Killed Jessica
  1523 | D:2      | Reached XP level 4. HP: 29/29 MP: 4/4
  2053 | D:3      | Reached skill level 1 in Invocations
  2053 | D:3      | Reached XP level 5. HP: 22/33 MP: 5/5
  2662 | D:3      | Got the Disquisition on the Glacier and Earth
  2704 | D:3      | Noticed Ijyb
  2713 | D:3      | Killed Ijyb
  3168 | D:3      | Noticed Robin
  3187 | D:3      | Killed Robin
  3549 | D:4      | Noticed a steam dragon
  3558 | D:4      | HP: 1/33 [iguana (6)]
  3558 | D:4      | Slain by a steam dragon

Illustrated notes

Levels and vault maps discovered:
D:1:      minmay_arrival_wavy_path, layout_loops_ring,
          hellmonk_ecumenical_altar_inner_sanctum
D:2:      layout_loops_corners, basic_altar, uniq_jessica
D:3:      layout_loops_corners, uniq_ijyb, uniq_robin
D:4:      layout_gridville, mainiacjoe_overflow_tiny_flanked, temple_statues,
          serial_shops, nicolae_shop_hallway_plus

Skill      XL: |  1  2  3  4 |
---------------+-------------+-----
Axes           | 2 3 |  3.4
Armour         | 4 |  4.4
Fighting       | 4 |  4.1
Invocations    | 1 |  1.6
Shields        | |  3.7

Action                   |  1- 3 |  4- 6 || total
-------------------------+-------+-------++-------
Melee: War axe           |    97 |    84 ||   181
  Use: Scroll            |     2 |     5 ||     7
       Potion            |       |     1 ||     1
Armor: Scale mail        |    45 |       ||    45
       Chain mail        |     7 |    70 ||    77
       Plate armour      |       |     7 ||     7
Dodge: Dodged            |    53 |    50 ||   103
Block: Buckler           |    16 |    31 ||    47

Table legend: (Time is in decaauts)
 A = Elapsed time spent in this place.
 B = Non-inter-level travel time spent in this place.
 C = Inter-level travel time spent in this place.
 D = Time resting spent in this place.
 E = Time spent auto-exploring this place.
 F = Levels seen in this place.
 G = Mean time per level.
                   A        B        C        D        E       F      G
               +--------+--------+--------+--------+--------+-----+--------+
         Total |   3633 |   3633 |      0 |    621 |   2393 |   4 |  908.2 |
       Dungeon |   3633 |   3633 |      0 |    621 |   2393 |   4 |  908.2 |
               +--------+--------+--------+--------+--------+-----+--------+

Top non-repeatable levels by time:
     D:3: 1617 daAuts
     D:1: 993 daAuts
     D:2: 983 daAuts
     D:4: 39 daAuts
